 Dungeon Crawl Stone Soup version 0.32-a0-886-g41c5271027 (webtiles) character file.

Game seed: 8080269132998829638

1063 jasper the Changeling (level 8, -3/61 (64) HPs)
             Began as a Red Draconian Shapeshifter on Apr 2, 2024.
             Was a Follower of Makhleb.
             Slain by a wight
             ... wielding a +0 falchion
              (5 damage)
             ... on level 6 of the Dungeon.
             The game lasted 00:07:02 (3895 turns).

jasper the Changeling (Red Draconian Shapeshifter)  Turns: 3895, Time: 00:07:02

HP:   -3/61 (64)    AC:  8    Str: 19    XL:     8   Next: 6%
MP:   10/10         EV: 15    Int: 11    God:    Makhleb [*.....]
Gold: 181           SH:  0    Dex: 10    Spells: 7/7 levels left

rFire   + .          .
                       - Unarmed
rCold   . . .        (shield currently unavailable)
rNeg    . . .        (body armour unavailable)
rPois   .            (helmet restricted)
rElec   .            d - +0 cloak
rCorr   +            g - +0 pair of gloves
SInv    .            (no boots)
Will    .....        (no amulet)
Stlth   +            f - ring of resist corrosion
HPRegen 0.30/turn    h - ring of flight
MPRegen 0.12/turn

%: no passive effects
@: flux-form, flying, slowed, glowing, lightly drained, very slow
A: glow, contaminating, combustion breath, AC +6, unfitting armour, fire
resistance 1, cold-blooded
a: Combustion Breath, Begin Untransformation, Renounce Religion


You were on level 6 of the Dungeon.
You worshipped Makhleb.
Makhleb was aware of your devotion.
You were something dangerously unstable.
You visited 1 branch of the dungeon, and saw 6 of its levels.

You collected 181 gold pieces.

Inventory:

Armour
 d - a +0 cloak (worn)
 g - a +0 pair of gloves (worn)
Jewellery
 f - a ring of resist corrosion (left hand)
 h - a ring of flight (right hand)
 o - a ring of positive energy
Talismans
 b - a beast talisman
 c - a flux talisman (active)
Wands
 r - a wand of digging (6)
Scrolls
 e - 2 scrolls of torment
 l - a scroll of noise
 n - a scroll of brand weapon
 t - 3 scrolls of identify
Potions
 a - 2 potions of lignification
 i - a potion of brilliance
 j - 4 potions of curing
 k - a potion of might
 p - 2 potions of degeneration
 q - a potion of enlightenment
 s - a potion of haste {unknown}


   Skills:
 + Level 3.6 Fighting
 - Level 1.7 Dodging
 * Level 5.5 Unarmed Combat
 + Level 2.9 Invocations
 - Level 7.0 Shapeshifting


You had 7 spell levels left.
You didn't know any spells.
Your spell library was empty.

Dungeon Overview and Level Annotations

Branches:
Dungeon (6/15)
 Temple: D:4-7

Altars:
Fedhas
Hepliaklqana
Makhleb
Sif Muna
Uskayaw
Zin


Innate Abilities, Weirdness & Mutations

You are something dangerously unstable.
You glow with magical radiation, making you easy to see and hit.
Foes you strike become dangerously contaminated with magical radiation.
You are incapable of wielding weapons or throwing items.
You can breathe blasts of explosive embers.
Your fiery red scales are hard. (AC +6)
You cannot fit into any form of body armour.
Your flesh is heat resistant. (rF+)
You are cold-blooded and may be slowed by cold attacks.


Message History

The kobold brigand is lightly wounded.
You feel sick. The kobold brigand closely misses you.
The kobold brigand misses you.
You take 1 damage, and have 20/64 hp.
You hit the kobold brigand.
The kobold brigand shudders as magic cascades through it!!
The kobold brigand twists and deforms.
You tail-slap the kobold brigand.
The kobold brigand is almost dead.
You feel sick.
The kobold brigand hits you with a +0 dagger.
* * * LOW HITPOINT WARNING * * *
You take 2 damage, and have 18/64 hp.
You closely miss the kobold brigand.
Your tail-slap misses the kobold brigand.
The kobold brigand is almost dead.
You feel sick.
The kobold brigand hits you but does no damage.
You closely miss the kobold brigand.
The kobold brigand is almost dead.
You feel sick.
You are no longer poisoned.
The kobold brigand hits you but does no damage.
The kobold closely misses you. x2; The kobold brigand misses you.
You take 1 damage, and have 17/64 hp.
Blink to where?
Press: ? - help, Dir - move target
As you read the scroll of blinking, it crumbles to dust.
The kobold shouts!
The wight hits you with a +0 war axe.
* * * LOW HITPOINT WARNING * * *
The wight hits you with a +0 falchion.
* * * LOW HITPOINT WARNING * * *
You feel drained.
* * * LOW HITPOINT WARNING * * *
The kobold misses you. The wight hits you with a +0 war axe.
* * * LOW HITPOINT WARNING * * *
You feel drained.
* * * LOW HITPOINT WARNING * * *
The wight hits you with a +0 falchion.
You die...

.. _.# .≈≈..≈≈.#...
.....#.......#.. g≈≈.§≈..##.#
...................≈≈..≈≈.###.#
........ß.ß........≈≈..≈..# #.#
...................≈≈..≈§.# #.#
......ß.....ß..z#..≈≈..≈..###.#
..#............##.≈§..≈≈......#
......ß.....ßK##..§§.§§....####
............Kzp#.§§..§≈.#.##
[..[....ß.ß..z...≈/.§≈....#
#..#..........##.≈..≈≈._.## .
#.........###.§..§§...#
......#.......#.≈§K.≈§.##
...#...#.#.....)..§..§§.#
...########....#..≈≈§.≈.# ..
##..##.....§..# #####.......##


You could see a kobold brigand (misshapen), 2 wights and 2 kobolds.

Vanquished Creatures
  Menkaure (D:5)
  A black bear (D:5)
  3 ogres
  2 bullfrogs
  A wight (D:5)
  2 hounds
  A bombardier beetle (D:6)
  A jelly (D:5)
  An orc priest (D:5)
  3 iguanas
  6 adders
  4 gnolls
  A white imp (D:6)
  A ribbon worm (D:2)
  2 dart slugs (D:2)
  10 orcs
  7 ball pythons
  9 bats
  5 endoplasms
  A giant cockroach (D:3)
  6 goblins
  3 hobgoblins
  3 jackals (D:3)
  4 quokkas
  6 frilled lizards
  6 kobolds
  7 rats
97 creatures vanquished.

Notes
Turn   | Place    | Note
-------+----------+-------------------------------------------
     0 | D:1      | jasper the Draconian Shapeshifter began the quest for the
                  | Orb.
     0 | D:1      | Reached XP level 1. HP: 16/16 MP: 1/1
   164 | D:1      | Reached XP level 2. HP: 23/23 MP: 2/2
   578 | D:2      | Reached skill level 4 in Shapeshifting
   585 | D:2      | Reached XP level 3. HP: 9/28 MP: 3/3
  1292 | D:2      | Reached XP level 4. HP: 18/35 MP: 4/4
  2189 | D:3      | Reached skill level 5 in Shapeshifting
  2548 | D:4      | Found a glowing silver altar of Zin.
  2576 | D:4      | Reached XP level 5. HP: 34/40 MP: 5/5
  2804 | D:4      | Reached skill level 6 in Shapeshifting
  2867 | D:4      | Reached XP level 6. HP: 43/47 MP: 6/6
  3005 | D:4      | Found a burning altar of Makhleb.
  3010 | D:4      | Became a worshipper of Makhleb the Destroyer
  3037 | D:5      | Entered Level 5 of the Dungeon
  3104 | D:5      | Reached skill level 7 in Shapeshifting
  3129 | D:5      | Found a shimmering blue altar of Sif Muna.
  3202 | D:4      | Your scales start taking on a fiery red colour.
  3202 | D:4      | Reached XP level 7. HP: 40/55 MP: 7/7
  3202 | D:4      | Gained mutation: Your flesh is heat resistant. (rF+) [Red
                  | Draconian growth]
  3268 | D:4      | Reached skill level 1 in Invocations
  3613 | D:5      | Noticed Menkaure
  3618 | D:5      | Killed Menkaure
  3619 | D:5      | Reached skill level 5 in Unarmed Combat
  3741 | D:6      | Found a hide-covered altar of Uskayaw.
  3809 | D:6      | Found a hazy altar of Hepliaklqana.
  3830 | D:6      | Found a blossoming altar of Fedhas.
  3859 | D:6      | Reached * piety under Makhleb
  3875 | D:6      | Reached XP level 8. HP: 50/63 MP: 8/10
  3895 | D:6      | HP: 3/62 [wight/+0 war axe (4)]
  3895 | D:6      | Slain by a wight

Illustrated notes

Levels and vault maps discovered:
D:1:      giann_wishing_wells, layout_basic
D:2:      layout_loops_ring, serial_co_window_serial, co_window_paths_a,
          co_window_corner_a, co_window_paths_a, co_window_corner_a,
          co_window_corner_a, co_window_corner_cb, co_window_paths_c,
          co_window_corner_b, co_window_of_opportunity_b,
          co_window_of_opportunity_b, co_window_4corner_b, co_window_paths_e,
          glass_columns_a, glass_columns_a, glass_columns_a, glass_columns_a,
          glass_columns_b, st_stairs_3
D:3:      layout_loops_ring
D:4:      layout_rooms, lemuel_doored_altar, lightli_temple_of_fire,
          serial_rivers, chequers_serial_rivers_small_a,
          chequers_serial_rivers_micro_b, chequers_serial_rivers_marsh,
          chequers_serial_rivers_micro_e, chequers_serial_rivers_micro_b,
          chequers_serial_rivers_micro_d, minmay_crystal_room
D:5:      layout_cave_pools, nicolae_sif_muna_little_library, uniq_menkaure
D:6:      layout_cave_pools, general_overflow_altar, nicolae_uskayaw_dance_hall,
          mainiacjoe_overflow_catch_the_wave, ebering_dispersal_statue_hall,
          roderic_lattice_a

Skill      XL: |  1  2  3  4  5  6  7 |
---------------+----------------------+-----
Shapeshifting  | 4 5 6 7 |  7.0
Fighting       | 2 3 |  3.6
Unarmed Combat | 5 |  5.5
Invocations    | 2 |  2.9
Dodging        | |  1.7

Action                     |  1- 3 |  4- 6 |  7- 9 || total
---------------------------+-------+-------+-------++-------
  Melee: Unarmed           |   108 |   146 |    75 ||   329
         Tailslap          |     4 |    19 |    12 ||    35
Ability: Combustion Breath |       |       |     3 ||     3
    Use: Scroll            |     4 |     5 |     5 ||    14
         Potion            |       |     1 |       ||     1
 Armour: Skin              |    56 |    55 |    30 ||   141
  Dodge: Dodged            |    60 |   127 |    63 ||   250
   Form: Flux              |     1 |       |       ||     1

Table legend: (Time is in decaauts)
 A = Elapsed time spent in this place.
 B = Non-inter-level travel time spent in this place.
 C = Inter-level travel time spent in this place.
 D = Time resting spent in this place.
 E = Time spent auto-exploring this place.
 F = Levels seen in this place.
 G = Mean time per level.
                   A        B        C        D        E       F      G
               +--------+--------+--------+--------+--------+-----+--------+
         Total |   3881 |   3747 |    134 |    228 |   2659 |   6 |  646.8 |
       Dungeon |   3881 |   3747 |    134 |    228 |   2659 |   6 |  646.8 |
               +--------+--------+--------+--------+--------+-----+--------+

Top non-repeatable levels by time:
     D:2: 1295 daAuts
     D:3: 686 daAuts
     D:5: 664 daAuts
     D:4: 602 daAuts
     D:1: 517 daAuts
     D:6: 115 daAuts
